 Dungeon Crawl Stone Soup version 0.30.0-5-g1a98f26d00 (webtiles) character file.

Game seed: 5227847768115500876

340 firemarshallily the Conjurer (level 6, -3/76 HPs)
             Began as a Draconian Conjurer on May 8, 2023.
             Slain by a gnoll sergeant
             ... wielding a +3 spear of flaming
              (4 damage)
             ... on level 4 of the Dungeon.
             The game lasted 00:14:20 (4431 turns).

firemarshallily the Conjurer (Draconian Conjurer)   Turns: 4431, Time: 00:14:22

Health: -3/76      AC: 23    Str:  9    XL:     6   Next: 30%
Magic:  4/12       EV:  2    Int: 19    God:
Gold:   246        SH:  5    Dex: 11    Spells: 8/14 levels left

rFire   . . .        b - +1 dagger
rCold   . . .        (no shield)
rNeg    . . .        (body armour unavailable)
rPois   +            (helmet currently unavailable)
rElec   .            u - melded +0 cloak
rCorr   .            (gloves currently unavailable)
SInv    .            n - melded -1 pair of boots of Dowdy New Discoveries {rF+}
Will    .....        j - amulet of reflection
Stlth   ++           (no ring)
HPRegen 0.32/turn    (no ring)
MPRegen 0.13/turn

%: reflection
@: tree-form, weak-willed
A: stationary, stasis, torment immunity, boosted hp, AC +6, unfitting armour,
(cold-blooded)
a: no special abilities


You were on level 4 of the Dungeon.
You were a tree.
You visited 1 branch of the dungeon, and saw 4 of its levels.

You collected 246 gold pieces.

Inventory:

Hand Weapons
 b - a +1 dagger (weapon)
Missiles
 r - 9 poisoned darts
Armour
 n - the -1 pair of boots of Dowdy New Discoveries (melded) {rF+}
   (You found it on level 3 of the Dungeon)

   rF:        It protects you from fire.
 u - a +0 cloak (melded)
Jewellery
 j - an amulet of reflection (around neck)
Wands
 q - a wand of iceblast (14)
Scrolls
 c - a scroll of enchant weapon
 d - a scroll of identify
 g - 2 scrolls of vulnerability
 h - 2 scrolls of immolation
 l - a scroll of noise {unknown}
 p - a scroll of enchant armour {unknown}
 s - a scroll of blinking {unknown}
 t - a scroll of teleportation {unknown}
Potions
 a - a potion of magic
 e - a potion of brilliance {unknown}
 f - a potion of ambrosia {unknown}
 m - a potion of heal wounds {unknown}


   Skills:
 + Level 3.2 Fighting
 - Level 1.7 Dodging
 - Level 1.7 Stealth
 * Level 4.5 Spellcasting
 + Level 5.1 Conjurations


You had 8 spell levels left.
You knew the following spells:

 Your Spells              Type           Power      Damage    Failure   Level
a - Magic Dart            Conj           92%        1d7       1%          1
b - Searing Ray           Conj           46%        2d6       2%          2
c - Hailstorm             Conj/Ice       14%        3d5       14%         3

Your spell library contained the following spells:

 Spells                   Type           Power      Damage    Failure   Level
 Kiss of Death            Conj/Necr      56%        2d9       4%          1
 Momentum Strike          Conj/Tloc      28%        3d8       7%          2
 Freeze                   Ice            16%        1d4       13%         1
 Necrotise                Necr           16%        1d4       13%         1
 Dazzling Flash           Conj/Hex       28%        N/A       14%         3
 Blink                    Tloc           8%         N/A       21%         2
 Lesser Beckoning         Tloc           8%         N/A       21%         2
 Frozen Ramparts          Ice            8%         1d2       36%         3
 Vampiric Draining        Necr           4%         2d6       36%         3
 Fulminant Prism          Conj/Hex       7%         3d7       41%         4
 Iskenderun's Mystic Bla  Conj/Tloc      14%        2d5       41%         4
 Agony                    Necr           4%         N/A       98%         5
 Lehudib's Crystal Spear  Conj/Erth      7%         10d3      100%        8
 Necromutation            Tmut/Necr      2%         N/A       100%        8


Dungeon Overview and Level Annotations

Branches:
Dungeon (4/15)
 Temple: D:4-7

Altars:
Uskayaw

Shops:
D:2 :   D:4 ==(


Innate Abilities, Weirdness & Mutations

You are a tree.
Your roots penetrate the ground, keeping you stationary.
You cannot be teleported.
You are immune to unholy pain and torment.
Your maximum health is greatly increased.
Your equipment is partially melded.
((Your plain brown scales are hard. (AC +6)))
You cannot fit into any form of body armour.
((You are cold-blooded and may be slowed by cold attacks.))


Message History

* * * LOW HITPOINT WARNING * * *
The gnoll hits you with a +0 flail.
* * * LOW HITPOINT WARNING * * *
The gnoll hits you but does no damage.
The gnoll sergeant hits you from afar with a +3 spear of flaming.
* * * LOW HITPOINT WARNING * * *
A gnoll comes into view. It is wielding a +0 whip.
The orc misses you. x2
Unknown command.
The air fills with toxic fumes!
As you read the scroll labelled PAHEOSEUKH, it crumbles to dust.
It was a scroll of poison.
The gnoll completely misses you. The gnoll closely misses you.
The orc hits you but does no damage.
The gnoll sergeant hits you from afar with a +3 spear of flaming.
* * * LOW HITPOINT WARNING * * *
The gnoll hits you but does no damage. The orc hits you with a +0 mace.
* * * LOW HITPOINT WARNING * * *
It was a potion of curing.
You feel better. The gnoll closely misses you. You block the gnoll's attack.
The gnoll sergeant hits you from afar with a +3 spear of flaming.
* * * LOW HITPOINT WARNING * * *
The orc hits you with a +0 club.
* * * LOW HITPOINT WARNING * * *
The gnoll hits you with a +0 club.
* * * LOW HITPOINT WARNING * * *
The orc barely misses you.
It was a potion of lignification.
You turn into a tree.
Your +0 cloak melds into your body.
The -1 pair of boots of Dowdy New Discoveries {rF+} melds into your body.
Your roots penetrate the ground.
The gnoll hits you but does no damage. x3
The gnoll sergeant hits you but does no damage.
You block the orc's attack. The orc hits you but does no damage.
You feel better. The gnoll hits you but does no damage.
The gnoll hits you with a +0 flail.
* * * LOW HITPOINT WARNING * * *
The gnoll hits you but does no damage.
The gnoll sergeant hits you from afar with a +3 spear of flaming!
* * * LOW HITPOINT WARNING * * *
The gnoll sergeant burns you.
You die... +§§+ ######§§##### §§§§§§§§§§§§ §§§.§§§§§§§ §o§g§§§§ §g§gg

##og## #§o♣g####### .#
+§§§§§§§§§§+ o# #§§§§#######
.#############§§§§#############
.#...........§§§§§§...........#
##≈~≈~~~~~≈~§§§§§§§§~~~≈≈~~~~≈###
≈≈≈≈≈≈≈~≈≈≈§§§§§§§§§≈≈≈≈≈≈≈≈≈≈≈≈≈
~≈≈~~~~~~~§§§§§§§§§§§~~~~~~~~~~~~
.....)...†.......................


You could see a gnoll sergeant (weak-willed), 5 gnolls and 3 orcs.

Vanquished Creatures
  2 scorpions (D:4)
  A jelly (D:4)
  An orc priest (D:4)
  An iguana (D:4)
  3 gnolls (D:4)
  2 adders
  A worm (D:2)
  A dart slug (D:1)
  4 orcs
  2 ball pythons
  9 endoplasms
  8 giant cockroaches
  9 hobgoblins
  4 jackals (D:4)
  4 quokkas
  7 bats
  A frilled lizard (D:1)
  4 goblins
  8 kobolds
  8 rats
80 creatures vanquished.

Notes
Turn   | Place    | Note
-------+----------+-------------------------------------------
     0 | D:1      | firemarshallily the Draconian Conjurer began the quest for
                  | the Orb.
     0 | D:1      | Reached XP level 1. HP: 14/14 MP: 3/3
   300 | D:1      | Reached XP level 2. HP: 19/22 MP: 0/5
   353 | D:1      | Learned a level 2 spell: Searing Ray
   444 | D:1      | Found a faded altar of an unknown god.
   590 | D:1      | Reached skill level 1 in Fighting
  1154 | D:1      | Reached XP level 3. HP: 28/28 MP: 0/7
  2055 | D:2      | Found Vezagh's Book Shop.
  2688 | D:3      | Reached XP level 4. HP: 36/36 MP: 4/8
  2761 | D:3      | Identified the -1 pair of boots of Dowdy New Discoveries
                  | {rF+}
  3502 | D:4      | Found a hide-covered altar of Uskayaw.
  3547 | D:4      | Found Fedoinui's Jewellery Shoppe.
  3666 | D:4      | Reached XP level 5. HP: 34/42 MP: 2/10
  3863 | D:4      | Found Qetuy's Antique Weapon Shop.
  3993 | D:4      | Got the Grimoire of Wicked Deeds and Battle Magic
  3998 | D:4      | Learned a level 3 spell: Hailstorm
  4095 | D:4      | Found Acuotofu's Jewellery Boutique.
  4237 | D:4      | Reached skill level 5 in Conjurations
  4237 | D:4      | Reached XP level 6. HP: 51/51 MP: 6/12
  4428 | D:4      | HP: 2/51 [orc/+0 mace (4)]
  4431 | D:4      | Slain by a gnoll sergeant

Illustrated notes

Levels and vault maps discovered:
D:1:      kennysheep_arrival_seaside, layout_loops_corners,
          ebering_ecumenical_altar_ruins, minmay_hedge_maze
D:2:      minmay_spotlight, layout_basic, serial_shops, nicolae_shop_crystal,
          minmay_worlds_worst_comb
D:3:      layout_basic
D:4:      lemuel_castle_with_subvaults [lemuel_castle_interior_original],
          layout_loops_ring, kennysheep_mini_moat, serial_shops, shop, shop,
          nicolae_shop_trees, nicolae_shop_just_a_little_nook,
          nicolae_square_shop

Skill      XL: |  1  2  3  4  5 |
---------------+----------------+-----
Fighting       | 1 2 3 |  3.2
Spellcasting   | 3 4 |  4.5
Conjurations   | 5 |  5.1
Dodging        | |  1.7
Stealth        | |  1.7

Action                     |  1- 3 |  4- 6 || total
---------------------------+-------+-------++-------
  Melee: Unarmed           |     7 |       ||     7
         Dagger            |   118 |    25 ||   143
         Tailslap          |    19 |     5 ||    24
         Punch             |     1 |       ||     1
   Cast: Magic Dart        |    65 |    50 ||   115
         Searing Ray       |     1 |     6 ||     7
         Hailstorm         |       |     3 ||     3
    Use: Scroll            |       |     4 ||     4
         Potion            |       |     3 ||     3
   Stab: Sleeping          |     4 |     1 ||     5
 Armour: Skin              |    38 |    30 ||    68
  Dodge: Dodged            |    78 |    46 ||   124
  Block: Other             |     7 |    14 ||    21
